 Dungeon Crawl Stone Soup version 0.29.1-15-g9cfb28693d (webtiles) character file.

Game seed: 4201653046659375876

9534 KreenWarrior the Slicer (level 11, -1/129 HPs)
             Began as a Demonspawn Monk on Mar 20, 2023.
             Was a High Priest of Okawaru.
             Slain by a tengu warrior
             ... wielding a +0 halberd
              (6 damage)
             ... on level 9 of the Dungeon on Mar 21, 2023.
             The game lasted 00:57:52 (11984 turns).

KreenWarrior the Slicer (Demonspawn Monk)          Turns: 11984, Time: 00:57:52

Health: -1/129     AC: 11    Str: 12    XL:     11   Next: 24%
Magic:  18/18      EV: 15    Int: 12    God:    Okawaru [*****.]
Gold:   189        SH:  0    Dex: 19    Spells: 13/20 levels left

rFire   . . .      SeeInvis .   r - +6 dagger (elec)
rCold   + . .      Faith    .   (no shield)
rNeg    . . .      Spirit   .   L - +0 troll leather armour
rPois   .          Reflect  .   (helmet restricted)
rElec   .          Harm     .   F - +2 cloak {Stlth+}
rCorr   .          Rampage  .   (no gloves)
Will    +....      Clarity  +   (no boots)
Stlth   ..........              (no amulet)
HPRegen 1.11/turn               d - +4 ring of slaying
MPRegen 0.32/turn               E - ring of willpower

@: berserking, very quick
A: horns 1, icy blue scales 3, magic regeneration, talons 1, clarity
a: Renounce Religion, Heroism, Finesse, Duel


You were on level 9 of the Dungeon.
You worshipped Okawaru.
Okawaru was extremely pleased with you.
You visited 1 branch of the dungeon, and saw 9 of its levels.
You also visited: Sewer.

You collected 385 gold pieces.
You spent 196 gold pieces at shops.

Inventory:

Hand Weapons
 r - a +6 dagger of electrocution (weapon)
 y - a +2 sling of freezing
Missiles
 b - 82 stones (quivered)
 q - 4 atropa-tipped darts
 x - 3 boomerangs
 H - 18 poisoned darts
Armour
 a - a +0 robe
 k - the +1 helmet of Vetz {rElec}
   (You took it off Robin on level 2 of the Dungeon)

   rElec:     It insulates you from electricity.
 F - a +2 cloak of stealth (worn)
 L - a +0 troll leather armour (worn)
Jewellery
 d - a +4 ring of slaying (left hand)
 E - a ring of willpower (right hand)
 G - a ring of protection from cold
Wands
 i - a wand of mindburst (25)
 n - a wand of paralysis (9)
 o - a wand of flame (32)
 C - a wand of quicksilver (9)
Scrolls
 g - 2 scrolls of amnesia {unknown}
 h - 3 scrolls of brand weapon
 m - 2 scrolls of torment
 s - 4 scrolls of teleportation
 t - 2 scrolls of poison
 u - a scroll of noise {unknown}
 w - 2 scrolls of blinking
 B - 2 scrolls of immolation {unknown}
 J - a scroll of acquirement {unknown}
 K - a scroll of magic mapping {unknown}
Potions
 c - 2 potions of mutation
 e - 3 potions of curing
 f - 2 potions of resistance
 j - 4 potions of cancellation
 l - 2 potions of attraction
 p - 3 potions of flight
 v - 3 potions of haste
 z - 2 potions of heal wounds
 A - a potion of brilliance {unknown}
 D - a potion of invisibility {unknown}
 I - 3 potions of might


   Skills:
 * Level 7.9 Fighting
 * Level 8.0 Short Blades
 + Level 2.2 Ranged Weapons
 + Level 0.5 Armour
 + Level 6.3 Dodging
 + Level 6.3 Stealth
 - Level 4.4 Unarmed Combat
 + Level 5.1 Spellcasting
 + Level 0.4 Summonings
 * Level 0.5 Translocations
 + Level 6.0 Transmutations
 + Level 1.0 Invocations
 + Level 0.1 Evocations


You had 13 spell levels left.
You knew the following spells:

 Your Spells              Type           Power      Damage    Failure   Level
a - Summon Small Mammal   Summ           16%        N/A       22%         1
b - Beastly Appendage     Tmut           34%        N/A       1%          1
c - Wereblood             Tmut           17%        N/A       3%          2
d - Gell's Gravitas       Tloc           4%         N/A       52%         3

Your spell library contained the following spells:

 Spells                   Type           Power      Damage    Failure   Level
 Apportation              Tloc           8%         N/A       21%         1
 Spider Form              Tmut/Pois      10%        N/A       22%         3
 Necrotise                Necr           12%        1d4       26%         1
 Ignite Poison            Fire/Tmut/Pois 7%         N/A       32%         3
 Ensorcelled Hibernation  Hex/Ice        6%         N/A       36%         2
 Lesser Beckoning         Tloc           4%         N/A       52%         3
 Teleport Other           Tloc           4%         N/A       52%         3
 Confusing Touch          Hex            3%         N/A       58%         3
 Dazzling Flash           Conj/Hex       6%         N/A       58%         3
 Mephitic Cloud           Conj/Pois/Air  3%         N/A       58%         3
 Yara's Violent Unravell  Hex/Tmut       5%         3d4       90%         5
 Iskenderun's Mystic Bla  Conj/Tloc      3%         2d3       92%         4
 Anguish                  Hex/Necr       1%         N/A       94%         4
 Freezing Cloud           Conj/Ice/Air   1%         6-21      100%        5
 Starburst                Conj/Fire      1%         6d3       100%        6
 Enfeeble                 Hex            1%         N/A       100%        7


Dungeon Overview and Level Annotations

Branches:
Dungeon (9/15)             Temple (0/1) D:7            Lair (0/5) D:9
    Orc (0/2) D:9           Sewer (visited)

Altars:
Cheibriados
Okawaru
Sif Muna

Shops:
D:3 ((?[(   D:7 *


Innate Abilities, Weirdness & Mutations

You have a pair of small horns on your head.
You are completely covered in icy blue scales. (AC +4, rC+)
You regenerate magic rapidly.
You have sharp toenails.
You possess an exceptional clarity of mind.


Message History

Okawaru accepts your kill.
The centaur shoots an arrow.
The arrow closely misses you.
The tengu warrior hits you from afar with a +0 halberd!
* * * LOW HITPOINT WARNING * * *
The centaur unwields a +0 shortbow.
The centaur barely misses you. The centaur closely misses you.
The tengu warrior closely misses you.
The tengu warrior pecks you but does no damage.
The tengu warrior completely misses you.
Things that are here:
a +0 dire flail; a +0 plate armour You miss the tengu warrior.
You claw the tengu warrior. You headbutt the tengu warrior.
The tengu warrior is lightly wounded.
The acid dragon barely misses you. x2
You closely miss the tengu warrior. You claw the tengu warrior.
The tengu warrior is lightly wounded.
The centaur hits you but does no damage.
The centaur closely misses you.
You barely miss the tengu warrior.
The tengu warrior is lightly wounded.
The tengu warrior hits you but does no damage.
The tengu warrior barely misses you.
The tengu warrior claws you but does no damage.
The centaur barely misses you.
The centaur kicks you but does no damage.
You impale the centaur!! You claw the centaur.
You kill the centaur!
Okawaru accepts your kill. The acid dragon bites you.
* * * LOW HITPOINT WARNING * * *
The acid dragon completely misses you.
You hit the acid dragon. You claw the acid dragon!
You headbutt the acid dragon.
You kill the acid dragon!
Okawaru accepts your kill.
The acid dragon scales are intact enough to wear.
The tengu warrior hits you with a +0 halberd!!
* * * LOW HITPOINT WARNING * * *
The tengu warrior pecks you.
You die...

#.#.....#..... #
###.#.[./.#..# .#. #
#...........# ... #
#...#.....#..#..# #
#..[#.....# .... #
#...###.#####.### #
#.......).#.....#
#######...#####.#[....#.
.)....#...#####.@Q......
#######.........#)....#.
# #.........#.....# #
#.........###.### ##
#...####... ... .##
#...# #### ... #.# #...#
... #'## #...# ... ...##
#...#####


You could see a tengu warrior.

Vanquished Creatures
  A two-headed ogre (D:9)
  A skeletal warrior (D:9)
  2 cyclopes (D:9)
  A troll (D:9)
  A hornet (D:8)
  Grinder (D:5)
  Sigmund (D:2)
  3 wyverns
  10 yaks
  2 steam dragons
  A vampire mosquito (D:9)
  Menkaure (D:5)
  An acid dragon (D:9)
  Duvessa (D:4)
  A sky beast (D:7)
  2 orc warriors (D:9)
  2 ice beasts
  An ogre (D:6)
  2 centaurs (D:9)
  A phantom (D:6)
  Blork the orc (D:5)
  3 kobold brigands
  8 bullfrogs
  2 necrophages (D:4)
  A scorpion (D:6)
  Dowan (D:4)
  12 wights
  16 killer bees
  7 jellies
  6 hounds
  6 orc priests
  Crazy Yiuf (D:5)
  Jessica (D:2)
  4 iguanas
  9 orc wizards
  Robin (D:2)
  4 gnolls (D:5)
  20 adders
  3 river rats (Sewer)
  A shadow imp (D:5)
  3 ufetubi
  3 worms
  3 dart slugs
  22 orcs
  14 endoplasms
  7 giant cockroaches
  16 goblins
  6 hobgoblins
  3 jackals (D:1)
  4 quokkas
  18 ball pythons
  7 bats
  6 frilled lizards
  21 kobolds
  29 rats
305 creatures vanquished.

Vanquished Creatures (others)
  2 fungi (D:1)
  7 plants
9 creatures vanquished.

Grand Total: 314 creatures vanquished

Notes
Turn   | Place    | Note
-------+----------+-------------------------------------------
     0 | D:1      | KreenWarrior the Demonspawn Monk began the quest for the
                  | Orb.
     0 | D:1      | Reached XP level 1. HP: 18/18 MP: 1/1
   565 | D:1      | Gained mutation: You are partially covered in icy blue
                  | scales. (AC +2) [demonic ancestry]
   565 | D:1      | Reached XP level 2. HP: 22/24 MP: 2/2
   782 | D:1      | Gained mutation: You possess an exceptional clarity of
                  | mind. [potion of mutation]
   782 | D:1      | Gained mutation: You have sharp toenails. [potion of
                  | mutation]
  1394 | D:1      | Reached XP level 3. HP: 29/29 MP: 3/3
  2114 | D:2      | Noticed Robin
  2117 | D:2      | Found a faded altar of an unknown god.
  2117 | D:2      | Noticed Sigmund
  2127 | D:2      | Learned a level 1 spell: Summon Small Mammal
  2516 | D:2      | Gained mutation: You are mostly covered in icy blue scales.
                  | (AC +3) [demonic ancestry]
  2516 | D:2      | Reached XP level 4. HP: 33/35 MP: 4/4
  2521 | D:2      | Identified the +1 helmet of Vetz {rElec}
  2534 | D:2      | Killed Robin
  3074 | D:2      | Learned a level 1 spell: Beastly Appendage
  3145 | D:2      | Noticed Jessica
  3154 | D:2      | Killed Jessica
  3211 | D:2      | Gained mutation: You regenerate magic rapidly. [demonic
                  | ancestry]
  3211 | D:2      | Reached XP level 5. HP: 41/41 MP: 5/5
  3296 | D:2      | Killed Sigmund
  3297 | D:2      | Reached skill level 1 in Spellcasting
  3297 | D:2      | Reached skill level 1 in Transmutations
  3297 | D:2      | Reached XP level 6. HP: 16/47 MP: 5/7
  3549 | D:3      | Found Ykkaecha's Weapon Shop.
  3592 | D:3      | Found Naesecas's Weapon Shoppe.
  3602 | D:3      | Bought 4 atropa-tipped darts for 31 gold pieces
  3899 | D:3      | Found Voppev's Antique Armour Emporium.
  3925 | D:3      | Noticed an ice beast
  3933 | D:3      | Killed an ice beast
  4051 | D:3      | Found Baufoc's Magic Scroll Boutique.
  4237 | D:3      | Reached skill level 1 in Short Blades
  4243 | D:3      | Reached XP level 7. HP: 20/53 MP: 9/9
  4566 | D:3      | Found Lico Exuoxur's Antique Weapon Emporium.
  4637 | D:4      | Found a glowing drain.
  4681 | D:4      | You fall into a shaft and drop 2 floors!
  4776 | D:5      | Entered Level 5 of the Dungeon
  4913 | D:5      | Reached skill level 2 in Short Blades
  4926 | D:5      | Noticed Menkaure
  4989 | D:4      | Learned a level 2 spell: Wereblood
  5247 | Sewer    | Entered a sewer
  5617 | Sewer    | Reached skill level 3 in Short Blades
  5617 | Sewer    | Reached XP level 8. HP: 22/60 MP: 11/11
  6150 | D:4      | Noticed Dowan
  6151 | D:4      | Noticed Duvessa
  6163 | D:4      | Killed Duvessa
  6171 | D:4      | Killed Dowan
  6334 | D:5      | Killed Menkaure
  6335 | D:5      | Reached skill level 4 in Short Blades
  6370 | D:5      | Found an iron altar of Okawaru.
  6396 | D:5      | Became a worshipper of Warmaster Okawaru
  6396 | D:5      | Reached * piety under Okawaru
  6396 | D:5      | Reached ** piety under Okawaru
  6453 | D:5      | Noticed Grinder
  6463 | D:5      | Killed Grinder
  6464 | D:5      | Reached skill level 5 in Fighting
  6464 | D:5      | Reached skill level 5 in Dodging
  6818 | D:5      | Reached XP level 9. HP: 68/68 MP: 14/14
  6875 | D:5      | Found a runed translucent door.
  6876 | D:5      | Noticed Crazy Yiuf
  6908 | D:5      | Killed Crazy Yiuf
  7004 | D:5      | Noticed Blork the orc
  7014 | D:5      | Killed Blork the orc
  7176 | D:5      | Found a snail-covered altar of Cheibriados.
  7284 | D:6      | Reached skill level 5 in Short Blades
  7299 | D:6      | Reached skill level 1 in Ranged Weapons
  7792 | D:6      | Reached *** piety under Okawaru
  8146 | D:7      | Reached skill level 5 in Stealth
  8294 | D:7      | Reached skill level 6 in Short Blades
  8300 | D:7      | Found a staircase to the Ecumenical Temple.
  8776 | D:7      | Found Viqora's Assorted Antiques.
  8784 | D:7      | Bought a scroll of identify for 48 gold pieces
  8784 | D:7      | Bought a smoky orange potion for 21 gold pieces
  8784 | D:7      | Bought a scroll labelled RITEVULI GUQ for 24 gold pieces
  8784 | D:7      | Bought a scroll labelled GEOSIR PEGO for 24 gold pieces
  8784 | D:7      | Bought a scroll labelled ALAPSEBRIT for 24 gold pieces
  8784 | D:7      | Bought a scroll labelled GEOSIR PEGO for 24 gold pieces
  9460 | D:8      | Gained mutation: You have a pair of small horns on your
                  | head. [demonic ancestry]
  9460 | D:8      | Reached XP level 10. HP: 17/76 MP: 14/16
  9480 | D:8      | Reached **** piety under Okawaru
  9854 | D:8      | Found a shimmering blue altar of Sif Muna.
 10004 | D:8      | Reached skill level 5 in Transmutations
 10029 | D:8      | Paralysed by a hornet for 2 turns
 10385 | D:9      | Found a staircase to the Lair.
 10385 | D:9      | Found a staircase to the Orcish Mines.
 10434 | D:9      | Reached skill level 7 in Short Blades
 10504 | D:9      | Reached ***** piety under Okawaru
 11039 | D:8      | Received a gift from Okawaru
 11584 | D:9      | Reached skill level 5 in Spellcasting
 11592 | D:9      | Learned a level 3 spell: Gell's Gravitas
 11599 | D:9      | Noticed a cyclops
 11606 | D:9      | Received a gift from Okawaru
 11608 | D:9      | Killed a cyclops
 11762 | D:9      | Gained mutation: You are completely covered in icy blue
                  | scales. (AC +4, rC+) [demonic ancestry]
 11762 | D:9      | Reached XP level 11. HP: 84/84 MP: 16/18
 11908 | D:9      | Noticed a two-headed ogre
 11912 | D:9      | Killed a two-headed ogre
 11953 | D:9      | Noticed a tengu warrior
 11957 | D:9      | Noticed a skeletal warrior
 11967 | D:9      | Killed a skeletal warrior
 11968 | D:9      | Reached skill level 8 in Short Blades
 11968 | D:9      | Reached skill level 1 in Invocations
 11984 | D:9      | HP: 5/129 [tengu warrior/+0 halberd (18)]
 11984 | D:9      | Slain by a tengu warrior

Illustrated notes

Levels and vault maps discovered:
D:1:      lemuel_arrival_muddy, layout_basic, st_stairs_14
D:2:      layout_rooms, basic_ecumenical_altar, serial_forest,
          infiniplex_forest_straight_1, infiniplex_forest_end_3,
          infiniplex_forest_lined_2, infiniplex_forest_clump_large,
          infiniplex_forest_lined_2, infiniplex_forest_clump_medium,
          infiniplex_forest_lined_corner, dk_noncrumbling_3, uniq_robin,
          uniq_sigmund, uniq_jessica
D:3:      layout_loops_ring, serial_shops, nicolae_shop_crystal,
          nicolae_shop_hallway_stairs, nicolae_diamond_shop,
          nicolae_shop_bloodbath_and_beyond, nicolae_square_shop
D:4:      layout_basic, portal_sewer_entry_c, serial_corexii_hall,
          corexii_hall_statues_u, corexii_hall_statues_i, hex_medium,
          uniq_duvessa
D:5:      layout_loops_ring, kennysheep_slug_shrine, okawaru_trees_2,
          uniq_crazy_yiuf_cottage, uniq_grinder, uniq_menkaure,
          uniq_blork_the_orc
D:6:      layout_rooms, roderic_lattice_a
D:7:      layout_basic, minmay_temple_entry_ruins, serial_shops, shop,
          kennysheep_generic_room_4
D:8:      layout_basic, nicolae_sif_muna_little_library,
          amcnicky_mini_corridor_feature
D:9:      wad_arrow_thing, layout_small_grid, nzn_hepliaklqana_mist_gate,
          lair_entry_dummy, minmay_chambers_of_fives, uniq_prince_ribbit1

Skill      XL: |  1  2  3  4  5  6  7  8  9 10 11 |
---------------+----------------------------------+-----
Dodging        | 3 4 5 6 |  6.3
Unarmed Combat | 3 4 |  4.4
Stealth        | 2 3 4 5 6 |  6.3
Spellcasting   | 1 2 3 4 5 |  5.1
Transmutations | 1 2 3 4 5 6 |  6.0
Short Blades   | 1 3 4 6 7 8 |  8.0
Fighting       | 4 5 6 7 |  7.9
Ranged Weapons | 2 |  2.2
Invocations    | 1 |  1.0
Armour         | |  0.5
Summonings     | |  0.4
Translocations | |  0.5
Evocations     | |  0.1

Action                   |  1- 3 |  4- 6 |  7- 9 | 10-12 || total
-------------------------+-------+-------+-------+-------++-------
Melee: Unarmed           |   157 |    54 |       |       ||   211
       Kick              |    31 |    29 |    76 |    69 ||   205
       Punch             |     2 |     3 |    12 |     9 ||    26
       Dagger            |       |    42 |   333 |   177 ||   552
       Headbutt          |       |       |     2 |    40 ||    42
 Fire: Sling             |       |       |    23 |       ||    23
Throw: Stone             |     6 |       |     1 |     1 ||     8
 Cast: Summon Small Mamm |     2 |       |       |       ||     2
       Beastly Appendage |       |     2 |     3 |       ||     5
       Wereblood         |       |       |     5 |     4 ||     9
Invok: Heroism           |       |       |     2 |     3 ||     5
Evoke: Wand              |       |       |       |     1 ||     1
  Use: Scroll            |     6 |     2 |    12 |     2 ||    22
       Potion            |     3 |     1 |     2 |     5 ||    11
 Stab: Sleeping          |     4 |     6 |    12 |     6 ||    28
       Distracted        |       |       |     1 |     1 ||     2
Armor: Robe              |    40 |    36 |   133 |    37 ||   246
       Troll leather arm |       |       |       |     7 ||     7
Dodge: Dodged            |   102 |    35 |   299 |   109 ||   545
